 Dungeon Crawl Stone Soup version 0.21.1-1-g345015f (webtiles) character file.

147 reamonnk the Skirmisher (level 5, -7/41 HPs)
             Began as a Demonspawn Abyssal Knight on July 3, 2018.
             Was a Believer of Lugonu.
             Mangled by Lidrolic's ghost (12 damage)
             ... on level 3 of the Dungeon.
             The game lasted 00:07:08 (2301 turns).

reamonnk the Skirmisher (Demonspawn Abyssal Knight) Turns: 2301, Time: 00:07:09

Health: -7/41      AC:  9    Str: 13    XL:     5   Next: 8%
Magic:  7/7        EV:  8    Int: 14    God:    Lugonu [**....]
Gold:   185        SH:  7    Dex: 12    Spells: 4/4 levels left

rFire    + . .     SeeInvis .   a - +1 hand axe
rCold    + . .     Gourm    .   k - +0 shield
rNeg     . . .     Faith    .   n - +1 ring mail {rPois}
rPois    +         Spirit   .   e - +1 helmet
rElec    +         Reflect  .   (no cloak)
rCorr    +         Harm     .   g - +0 pair of gloves
MR       .....                  (no boots)
Stlth    +.........             (no amulet)
HPRegen  0.13/turn              (no ring)
MPRegen  0.10/turn              (no ring)

@: resistant, flying
A: hooves 1, powered by death 1
a: Depart the Abyss, Bend Space, Renounce Religion


You were on level 3 of the Dungeon.
You worshipped Lugonu.
Lugonu was pleased with you.
You were not hungry.

You visited 1 branch of the dungeon, and saw 3 of its levels.
You visited the Abyss 1 time.

You collected 185 gold pieces.

Inventory:

Hand Weapons
 a - a +1 hand axe (weapon)
Armour
 b - a +0 leather armour
 e - a +1 helmet (worn)
 g - a +0 pair of gloves (worn)
 k - a +0 shield (worn)
 m - a +0 scale mail
 n - a +1 ring mail of poison resistance (worn)
 p - a +0 chain mail
Jewellery
 d - an uncursed ring of stealth
 u - an uncursed ring of see invisible {unknown}
Wands
 t - a wand of flame (10)
Scrolls
 f - 2 scrolls of remove curse {unknown}
 h - 4 scrolls of teleportation
 i - a scroll of amnesia {unknown}
 r - a scroll of fear {unknown}
Potions
 q - a potion of degeneration {unknown}
 s - a potion of curing {unknown}
Comestibles
 c - 6 rations


   Skills:
 + Level 3.6 Fighting
 + Level 2.7 Axes
 + Level 2.4 Armour
 + Level 2.0 Dodging
 + Level 1.2 Shields
 + Level 3.3 Invocations


You had 4 spell levels left.
You didn't know any spells.

Dungeon Overview and Level Annotations

Branches:
Dungeon (3/15)

Altars:
Vehumet

Annotations:
D:3 Lidrolic's ghost, amateur HuFi


Innate Abilities, Weirdness & Mutations

You have large cloven feet.
You regenerate a little health from kills.


Message History

* * * LOW HITPOINT WARNING * * *
Your shield and ring mail prevent you from hitting Lidrolic's ghost.
You kick Lidrolic's ghost.
Lidrolic's ghost is heavily damaged.
Lidrolic's ghost completely misses you. Lidrolic's ghost hits you!
* * * LOW HITPOINT WARNING * * *
It was a potion of resistance.
You feel protected. Lidrolic's ghost barely misses you.
It was a potion of flight.
You feel very buoyant.
You fly up into the air.
You block Lidrolic's ghost's attack.
You hit Lidrolic's ghost but do no damage.
Your kick misses Lidrolic's ghost.
Lidrolic's ghost is heavily damaged.
You block Lidrolic's ghost's attack.
You hit Lidrolic's ghost. Your kick misses Lidrolic's ghost.
Lidrolic's ghost is heavily damaged.
Lidrolic's ghost hits you!
You die...

## # #.# .# .....#
##.## .# ...#.##...##.#
#.#..........#
.....#...#..##
#.##.##......# #
#.##.##.....###.#
##...............###
#.W@...............#
#.######..†.[#...#.
#..# ##.######.#.#.#
.##
#..#.####..<......#.#<#
#..#.....).....####.#.#
#..#.#####)###.# #.#.#
#..............# #.#.#
#.##.#####.###.# #.#.#
#####.##.# ##.#
#.####.#.#


You could see Lidrolic's ghost.

Vanquished Creatures
  Ijyb (D:3)
  4 adders
  2 oozes (D:2)
  4 worms (D:2)
  A dart slug (D:1)
  A leopard gecko (D:2)
  An orc (D:3)
  13 bats
  3 giant cockroaches (D:1)
  8 goblins
  5 hobgoblins
  7 jackals
  4 kobolds
  2 ball pythons
  2 frilled lizards
  3 rats
61 creatures vanquished.

Notes
Turn   | Place    | Note
-------+----------+-------------------------------------------
     0 | Abyss:1  | reamonnk the Demonspawn Abyssal Knight began the quest for the Orb.
     0 | Abyss:1  | Reached XP level 1. HP: 18/18 MP: 2/2
    75 | Abyss:1  | Noticed a brown very ugly thing
    77 | D:1      | Escaped the Abyss
   328 | D:1      | Reached skill level 1 in Dodging
   329 | D:1      | Gained mutation: You have large cloven feet. [demonic ancestry]
   329 | D:1      | Reached XP level 2. HP: 23/24 MP: 3/3
   330 | D:1      | Reached * piety under Lugonu
  1196 | D:2      | Reached XP level 3. HP: 24/29 MP: 4/4
  1539 | D:2      | Reached ** piety under Lugonu
  1561 | D:2      | Reached XP level 4. HP: 32/35 MP: 6/6
  1629 | D:2      | Reached skill level 1 in Shields
  2078 | D:3      | Found a radiant altar of Vehumet.
  2093 | D:3      | Noticed Ijyb
  2120 | D:3      | Killed Ijyb
  2120 | D:3      | Gained mutation: You regenerate a little health from kills. [demonic ancestry]
  2120 | D:3      | Reached XP level 5. HP: 12/41 MP: 7/7
  2287 | D:3      | Noticed Lidrolic's ghost (amateur HuFi)
  2301 | D:3      | Mangled by Lidrolic's ghost

Skill      XL: |  1  2  3  4 |
---------------+-------------+-----
Axes           | 2 |  2.7
Dodging        | 1 2 |  2.0
Armour         | 2 |  2.4
Invocations    | 3 |  3.3
Shields        | 1 |  1.2
Fighting       | |  3.6

Action                   |  1- 3 |  4- 6 || total
-------------------------+-------+-------++-------
Melee: Hand axe          |   116 |    98 ||   214
       Kick              |    16 |    23 ||    39
Invok: Depart the Abyss  |     1 |       ||     1
  Use: Scroll            |     4 |       ||     4
       Potion            |       |     2 ||     2
  Eat: Chunk             |     2 |     3 ||     5
Armor: Leather armour    |    23 |       ||    23
       Scale mail        |     9 |       ||     9
       Ring mail         |    36 |    50 ||    86
Dodge: Dodged            |    70 |    37 ||   107
Block: Shield            |    46 |    33 ||    79
